 Dungeon Crawl Stone Soup version 0.32-a0-673-g3729bd5 (webtiles) character file.

Game seed: 1866663478825235330

184088 PenguinKawaii the Metallomancer (level 18, -25/107 HPs)
             Began as a Gargoyle Earth Elementalist on Mar 10, 2024.
             Was a High Priest of Vehumet.
             Killed from afar by a salamander tyrant (45 damage)
             ... on level 4 of the Snake Pit.
             The game lasted 01:10:58 (35059 turns).

PenguinKawaii the Metallomancer (GrEE)             Turns: 35059, Time: 01:10:59

Health: -25/107    AC: 20    Str: 15    XL:     18   Next: 39%
Magic:  6/34       EV: 11    Int: 23    God:    Vehumet [*****.]
Gold:   1482       SH:  0    Dex: 10    Spells: 7/41 levels left

rFire   . . .        a - staff of conjuration
rCold   + . .        (no shield)
rNeg    + . .        Y - +2 robe {Will+}
rPois   ∞            o - +0 helmet {SInv}
rElec   +            W - +1 cloak {Stlth+}
rCorr   .            (no gloves)
SInv    +            (no boots)
Will    ++...        A - amulet "Qouhih" {Regen+ RegenMP+ Str+2 Stlth+}
Stlth   ++++++       h - ring of protection from cold
HPRegen 1.17/turn    J - ring of wizardry
MPRegen 0.64/turn

%: wizardry (x1)
@: weakened, flying
A: sickness immunity, AC +13, big wings, negative energy resistance 1,
electricity resistance, torment resistance 1, petrification resistance
a: Renounce Religion


You were on level 4 of the Snake Pit.
You worshipped Vehumet.
Vehumet was extremely pleased with you.
You visited 4 branches of the dungeon, and saw 26 of its levels.
You also visited: Gauntlet.

You collected 2358 gold pieces.
You spent 876 gold pieces at shops.

Inventory:

Missiles
 g - a throwing net
 z - 5 curare-tipped darts
Armour
 o - a +0 helmet of see invisible (worn)
 p - a +2 buckler
 u - a +2 robe of cold resistance
 E - a +1 robe of fire resistance
 W - a +1 cloak of stealth (worn)
 Y - a +2 robe of willpower (worn)
Magical Staves
 a - a staff of conjuration (weapon)
Jewellery
 h - a ring of protection from cold (left hand)
 A - the amulet "Qouhih" (around neck) {Regen+ RegenMP+ Str+2 Stlth+}
   (You bought it in a shop on level 2 of the Orcish Mines)

   [amulet of magic regeneration]

   It increases your rate of magic regeneration.
   Str+2:     It affects your strength (+2).
   Regen+:    It increases your rate of health regeneration.
   Stlth+:    It makes you more stealthy.
   RegenMP+:  It increases your rate of magic regeneration.
 G - a ring of ice
 J - a ring of wizardry (right hand)
Wands
 i - a wand of digging (8)
 B - a wand of acid (12)
 D - a wand of paralysis (7)
Scrolls
 d - 4 scrolls of silence
 e - 9 scrolls of amnesia
 f - 12 scrolls of teleportation
 j - 2 scrolls of enchant armour
 l - a scroll of revelation
 m - 2 scrolls of vulnerability {unknown}
 n - 2 scrolls of noise {unknown}
 q - 5 scrolls of butterflies {unknown}
 y - 7 scrolls of enchant weapon
 C - 4 scrolls of poison {unknown}
 F - 4 scrolls of brand weapon {unknown}
 K - a scroll of fog {unknown}
 L - a scroll of blinking {unknown}
 M - 4 scrolls of fear {unknown}
 P - 2 scrolls of torment {unknown}
 Q - 3 scrolls of immolation {unknown}
 S - 2 scrolls of identify
 T - 2 scrolls of acquirement {unknown}
Potions
 b - a potion of magic
 c - 8 potions of curing
 k - 6 potions of attraction
 r - 3 potions of haste
 s - a potion of resistance
 t - 5 potions of heal wounds
 v - 4 potions of lignification
 w - 6 potions of enlightenment
 x - 2 potions of brilliance
 H - 4 potions of might
 I - a potion of invisibility
 N - 5 potions of mutation
 O - 2 potions of berserk rage {unknown}
 R - 2 potions of cancellation


   Skills:
 - Level 10.0 Fighting
 - Level 1.5 Dodging
 - Level 8.2 Stealth
 + Level 12.4 Spellcasting
 + Level 18.6 Conjurations
 * Level 24.2 Earth Magic


You had 7 spell levels left.
You knew the following spells:

 Your Spells              Type           Power      Damage    Failure   Level
a - Sandblast             Erth           100%       2d20      0%          1
b - Mephitic Cloud        Conj/Alch/Air  59%        N/A       1%          3
c - Bombard               Conj/Erth      53%        9d9       1%          6
d - Lee's Rapid Deconstr  Erth           45%        3d22*     0%          5
e - Irradiate             Conj/Alch      36%        3d23      1%          5
f - Stone Arrow           Conj/Erth      100%       3d13      0%          3
g - Shatter               Erth           45%        3d35*     2%          9
q - Blink                 Tloc           28%        N/A       2%          2

Your spell library contained the following spells:

 Spells                   Type           Power      Damage    Failure   Level
 Eringya's Noxious Bog    Alch           7%         4d6       47%         6
 Magic Dart               Conj           100%       1d8       0%          1
 Passwall                 Erth           90%        N/A       0%          3
 Brom's Barrelling Bould  Conj/Erth      100%       2d11      0%          4
 Kiss of Death            Conj/Necr      100%       2d13      1%          1
 Petrify                  Alch/Erth      63%        N/A       1%          4
 Arcjolt                  Conj/Air       36%        1d46      1%          5
 Freezing Cloud           Conj/Ice/Air   29%        6-21      1%          5
 Iskenderun's Battlesphe  Conj           100%       2d15      1%          5
 Call Imp                 Summ           28%        N/A       2%          2
 Lesser Beckoning         Tloc           28%        N/A       2%          2
 Ignite Poison            Fire/Alch      14%        N/A       4%          4
 Confusing Touch          Hex            14%        N/A       5%          3
 Gell's Gravitas          Tloc           14%        N/A       5%          3
 Ozocubu's Armour         Ice            14%        N/A       5%          3
 Summon Ice Beast         Ice/Summ       14%        N/A       5%          3
 Teleport Other           Tloc           14%        N/A       5%          3
 Tukima's Dance           Hex            14%        N/A       5%          3
 Spellforged Servitor     Conj/Summ      36%        N/A       9%          7
 Yara's Violent Unravell  Hex/Alch       7%         3d5       12%         5
 Dimensional Bullseye     Hex/Tloc       7%         N/A       17%         4
 Dispel Undead            Necr           14%        3d10      17%         4
 Manifold Assault         Tloc           14%        N/A       17%         4
 Passage of Golubria      Tloc           14%        N/A       17%         4
 Vhi's Electric Charge    Tloc/Air       28%        N/A       17%         4
 Metabolic Englaciation   Hex/Ice        7%         N/A       43%         5
 Summon Forest            Summ/Tloc      7%         N/A       43%         5
 Summon Mana Viper        Hex/Summ       14%        N/A       43%         5
 Sculpt Simulacrum        Ice/Alch       7%         N/A       92%         6
 Summon Cactus Giant      Summ           7%         N/A       92%         6
 Malign Gateway           Summ/Tloc      7%         N/A       100%        7
 Monstrous Menagerie      Summ           7%         N/A       100%        7
 Maxwell's Capacitive Co  Air            7%         ∞         99%         8
 Chain Lightning          Conj/Air       36%        3d48      99%         9
 Fire Storm               Conj/Fire      36%        8d9       99%         9
 Cigotuvi's Dreadful Rot  Necr/Alch/Air  Unusable   N/A       N/A         2

Dungeon Overview and Level Annotations

Branches:
Dungeon (15/15) Zot: 25084  Temple (0/1) D:5            Lair (5/5) D:11 Zot: 21580
 Shoals (0/4) Lair:3        Snake (4/4) Lair:3 Zot: 19798   Slime (0/5) Lair:4
    Orc (2/2) D:11 Zot: 8462     Elf (0/3) Orc:2        Vaults (0/5) D:13
 Depths (0/4) D:15        Gauntlet (visited)

Altars:
Ashenzari
Dithmenos
Gozag
Kikubaaqudgha
Qazlal
Vehumet
Wu Jian
Xom
Yredelemnul
The Shining One
Jiyva

Shops:
D:3 :*[(   D:4 [   Orc:2 *[=(

Annotations:
D:13 2 transporters, Tanach's ghost, journeyman GrEE


Innate Abilities, Weirdness & Mutations

You are immune to sickness and miasma.
Your stone body is resilient. (AC +13)
You are immune to poison.
Your large and strong wings let you fly.
You resist negative energy. (rN+)
You are resistant to electric shocks. (rElec)
You are resistant to unholy torment.
You are immune to petrification.


Message History

Vehumet accepts your kill.
You feel your power returning.
Ka-crash!
You lose 7MP, and have [7/34] MP The salamander tyrant gazes fiercely through you!
You feel your attacks grow feeble.
A guardian serpent comes into view.
You gain 2 HP, and have [51/107] hp.
The salamander tyrant gazes fiercely through you!
You feel as though you will be weak longer.
Things that are here:
a +0 glaive; a +0 arbalest; a naga corpse
Casting: Shatter (dangerous; 2% risk of failure)
Confirm with . or Enter, or press ? or * to list all spells.
The dungeon rumbles!
The salamander tyrant is heavily wounded.
You kill the guardian serpent!
Vehumet accepts your kill.
Ka-crash!
You hear an angry hiss.
You lose 8MP, and have [2/34] MP
Casting: Shatter (dangerous; 2% risk of failure)
Confirm with . or Enter, or press ? or * to list all spells.
Okay, then.
Okay, then.
Okay, then.
Press: ? - help, v - describe, . - travel
Here: a salamander tyrant (heavily wounded)
The floor.
Okay, then.
You gain 2 HP, and have [57/107] HP The salamander tyrant gazes fiercely through you!
You feel as though you will be weak longer.
The salamander tyrant rends the earth beneath you!
The blast of magma engulfs you!!!
* * * LOW HITPOINT WARNING * * *
You take 40 HP, and have [19/107] HP !!!!!
HP Warning !!!!!
The salamander tyrant rends the earth beneath you!
The blast of magma engulfs you!!!
You die...

#............#....#..
#.....................
#.....................#
....................†.## #
##....................#..
......................÷..
.........).......†........
#......)....[.≈...........
...#........≈@≈...†......
. ##.......≈.≈.........###
..
#.......≈≈≈..†....##..##..
............))÷[.#.......
#..............)......ß..
#..........N.†.[......#..
#..........)[....#...##
.............[..#...#
####................#


You could see a salamander tyrant.

Vanquished Creatures
  Rupert (Lair:3)
  A quicksilver dragon (Snake:4)
  Gastronok (Lair:3)
  Agnes (Snake:3)
  3 nagarajas
  2 orc warlords (Orc:2)
  A minotaur (Gauntlet)
  Snorg (Lair:3)
  2 ettins
  Josephine (Lair:4)
  Erolcha (D:13)
  Erica (Lair:1)
  2 hydras
  4 two-headed ogres
  4 centaur warriors
  8 anacondas
  A merfolk avatar (Lair:5)
  10 boulder beetles
  A death knight (D:15)
  A tengu warrior (D:14)
  9 death yaks
  2 orc high priests (Orc:1)
  An occultist (D:15)
  4 naga warriors
  12 shock serpents
  16 naga sharpshooters
  A salamander mystic (Snake:3)
  4 skysharks
  6 skeletal warriors
  3 mana vipers
  2 sea snakes (Lair:5)
  5 naga ritualists
  7 orc knights
  Pikel (D:6)
  A necromancer (D:15)
  3 deep elf pyromancers
  7 ugly things
  10 salamanders
  4 manticores
  8 cyclopes
  3 orc sorcerers
  2 elephants (Lair:5)
  2 kobold blastminers (Orc:2)
  Joseph (Lair:1)
  8 guardian serpents (Snake:4)
  A slime creature (Gauntlet)
  37 black mambas
  14 cane toads
  15 naga magi
  4 centaur skeletons (D:13)
  An efreet (Gauntlet)
  Jeremiah (D:7)
  2 kobold demonologists
  6 rime drakes
  5 tengu conjurers
  11 komodo dragons
  3 yaktaurs (D:13)
  5 freezing wraiths
  A queen bee (shapeshifter) (D:13)
  7 trolls
  6 polar bears
  A polar bear (shapeshifter) (D:15)
  A wind drake (Lair:5)
  2 hornets
  22 blink frogs
  2 shadows
  3 vampires
  A centaur simulacrum (D:14)
  A spriggan (Lair:4)
  5 wyverns
  50 yaks
  2 fire elementals (Gauntlet)
  3 steam dragons
  4 wraiths
  4 basilisks
  2 vampire mosquitoes (D:11)
  A neqoxec (Gauntlet)
  7 wargs
  3 chaos spawn (Gauntlet)
  29 nagas
  14 water moccasins
  A hell hound (Gauntlet)
  2 acid dragons
  45 orc warriors
  3 black bears
  2 laughing skulls
  6 ice beasts
  12 ogres
  17 wolves
  17 centaurs
  A phantom (D:5)
  5 kobold brigands
  22 bullfrogs
  Blork the orc (D:5)
  3 gnoll sergeants
  9 wights
  5 jellies
  6 killer bees
  5 howler monkeys
  3 electric eels
  A hound (D:6)
  Crazy Yiuf (D:7)
  3 gnoll boudas
  19 orc priests
  8 iguanas
  39 orc wizards
  Robin (D:2)
  18 gnolls
  8 adders
  A shadow imp (D:7)
  A white imp (D:6)
  2 ufetubi (D:6)
  3 dart slugs
  2 ribbon worms (D:2)
  83 orcs
  8 ball pythons
  9 endoplasms
  2 giant cockroaches
  17 goblins
  5 hobgoblins
  7 jackals
  11 kobolds
  3 quokkas
  7 bats
  3 frilled lizards
  4 rats (D:2)
876 creatures vanquished.

Vanquished Creatures (others)
  An orc wizard (D:11)
1 creature vanquished.

Grand Total: 877 creatures vanquished

Notes
Turn   | Place    | Note
-------+----------+-------------------------------------------
     0 | D:1      | PenguinKawaii the Gargoyle Earth Elementalist began the
                  | quest for the Orb.
     0 | D:1      | Reached XP level 1. HP: 10/10 MP: 3/3
    83 | D:1      | Reached skill level 4 in Earth Magic
   163 | D:1      | Reached XP level 2. HP: 15/15 MP: 3/5
   731 | D:1      | Reached XP level 3. HP: 19/19 MP: 2/6
   735 | D:1      | Reached skill level 5 in Earth Magic
  1050 | D:2      | Found a basalt altar of Yredelemnul.
  1076 | D:2      | Noticed Robin
  1154 | D:2      | Killed Robin
  1296 | D:2      | Reached XP level 4. HP: 24/24 MP: 2/7
  1417 | D:2      | Reached skill level 6 in Earth Magic
  1971 | D:3      | Found Pefu's Vocational Training.
  2023 | D:3      | Found Huli's Armour Shop.
  2124 | D:3      | Found Reonug's Weapon Shop.
  2305 | D:3      | Learned a level 3 spell: Stone Arrow
  2308 | D:3      | Learned a level 2 spell: Blink
  2390 | D:3      | Found Wues's Assorted Antiques.
  2397 | D:3      | Bought a scroll labelled MOGHEFR GOIRPH for 18 gold pieces
  2397 | D:3      | Bought a scroll labelled ZEXO EXYIFONAACRI for 18 gold
                  | pieces
  2397 | D:3      | Bought a blue potion for 16 gold pieces
  2397 | D:3      | Bought a scroll labelled OTHROR XYIRIWER for 18 gold pieces
  2397 | D:3      | Bought a scroll labelled UNGUOGUMYPN for 18 gold pieces
  2481 | D:3      | Reached XP level 5. HP: 28/28 MP: 4/8
  2994 | D:4      | Found Cuarol's Antique Armour Boutique.
  3000 | D:4      | Reached skill level 7 in Earth Magic
  3379 | D:4      | Reached skill level 8 in Earth Magic
  3379 | D:4      | Reached XP level 6. HP: 23/32 MP: 6/9
  3837 | D:4      | Found a radiant altar of Vehumet.
  3895 | D:4      | Became a worshipper of Vehumet
  4051 | D:5      | Entered Level 5 of the Dungeon
  4057 | D:5      | Reached skill level 9 in Earth Magic
  4183 | D:5      | Found a staircase to the Ecumenical Temple.
  4236 | D:5      | Noticed a black bear
  4238 | D:5      | Killed a black bear
  4239 | D:5      | Reached XP level 7. HP: 36/36 MP: 7/10
  4265 | D:5      | Noticed Blork the orc
  4267 | D:5      | Killed Blork the orc
  4343 | D:5      | Reached skill level 10 in Earth Magic
  4481 | D:5      | Reached skill level 1 in Fighting
  5203 | D:6      | Reached XP level 8. HP: 45/45 MP: 8/11
  5221 | D:6      | Reached * piety under Vehumet
  5221 | D:6      | Offered knowledge of Freeze by Vehumet.
  5356 | D:6      | Reached skill level 5 in Conjurations
  5722 | D:6      | Found an ancient bone altar of Kikubaaqudgha.
  6087 | D:7      | Noticed Pikel
  6101 | D:6      | Killed Pikel
  6102 | D:6      | Reached XP level 9. HP: 27/50 MP: 0/12
  6263 | D:7      | Found a broken altar of Ashenzari.
  6287 | D:7      | Found a stormy altar of Qazlal.
  6491 | D:7      | Found a runed translucent door.
  6492 | D:7      | Noticed Crazy Yiuf
  6555 | D:7      | Killed Crazy Yiuf
  6651 | D:7      | Noticed Jeremiah
  7313 | D:8      | Found a shadowy altar of Dithmenos.
  7416 | D:8      | Reached skill level 10 in Conjurations
  7666 | D:8      | Reached ** piety under Vehumet
  7666 | D:8      | Offered knowledge of Foxfire by Vehumet.
  7752 | D:8      | Noticed a two-headed ogre
  7755 | D:8      | Killed a two-headed ogre
  7756 | D:8      | Reached skill level 11 in Earth Magic
  7756 | D:8      | Reached XP level 10. HP: 58/58 MP: 10/15
  8511 | D:9      | Offered knowledge of Momentum Strike by Vehumet.
  8603 | D:9      | Reached skill level 5 in Fighting
  8603 | D:9      | Reached skill level 5 in Stealth
  8730 | D:9      | Reached skill level 12 in Earth Magic
  8909 | D:9      | Reached *** piety under Vehumet
  9084 | D:10     | Entered Level 10 of the Dungeon
  9224 | D:10     | Offered knowledge of Frozen Ramparts by Vehumet.
  9383 | D:10     | Reached skill level 5 in Spellcasting
  9383 | D:10     | Reached skill level 13 in Earth Magic
  9503 | D:10     | Found a glowing golden altar of the Shining One.
  9930 | D:10     | Reached XP level 11. HP: 63/63 MP: 12/19
 10221 | D:11     | Reached skill level 14 in Earth Magic
 10244 | D:11     | Noticed a boulder beetle
 10346 | D:11     | Noticed a boulder beetle
 10351 | D:11     | Noticed a boulder beetle
 10352 | D:11     | Killed a boulder beetle
 10403 | D:11     | Killed a boulder beetle
 10551 | D:11     | Reached **** piety under Vehumet
 10636 | D:11     | Offered knowledge of Mephitic Cloud by Vehumet.
 10690 | D:11     | Learned a level 3 spell: Mephitic Cloud
 10757 | D:11     | Found a staircase to the Lair.
 10784 | D:11     | Killed a boulder beetle
 10785 | D:11     | Reached skill level 15 in Earth Magic
 10881 | D:11     | Got Xered's Spellbook of the Traveller
 10925 | D:11     | Noticed a manticore
 10949 | D:11     | Killed a manticore
 11009 | D:11     | Noticed a boulder beetle
 11015 | D:11     | Killed a boulder beetle
 11434 | D:11     | Found a staircase to the Orcish Mines.
 11532 | D:11     | Noticed a white ugly thing
 11539 | D:11     | Killed a white ugly thing
 11688 | Orc:1    | Entered Level 1 of the Orcish Mines
 11814 | Orc:2    | Entered Level 2 of the Orcish Mines
 11814 | Orc:2    | Noticed an ettin
 11814 | Orc:2    | Noticed an orc knight
 11879 | Lair:1   | Entered Level 1 of the Lair of Beasts
 11908 | Lair:1   | Reached XP level 12. HP: 48/68 MP: 17/25
 12195 | Lair:1   | Noticed Joseph
 12212 | Lair:1   | Killed Joseph
 12410 | Lair:1   | Noticed Erica
 12419 | Lair:1   | Killed Erica
 13512 | Lair:2   | Noticed a skyshark
 13534 | Lair:2   | Reached ***** piety under Vehumet
 13598 | Lair:2   | Killed a skyshark
 13766 | Lair:2   | Offered knowledge of Lee's Rapid Deconstruction by Vehumet.
 13776 | Lair:2   | Reached skill level 16 in Earth Magic
 13782 | Lair:2   | Learned a level 5 spell: Lee's Rapid Deconstruction
 14386 | Lair:3   | Noticed a death yak
 14388 | Lair:3   | Noticed a death yak
 14388 | Lair:3   | Noticed a death yak
 14389 | Lair:3   | Noticed a death yak
 14412 | Lair:2   | Killed a death yak
 14637 | Lair:3   | Reached XP level 13. HP: 76/76 MP: 26/26
 14816 | Lair:3   | Noticed Snorg
 14823 | Lair:3   | Killed Snorg
 14959 | Lair:3   | Noticed Gastronok
 15034 | Lair:3   | Reached skill level 10 in Spellcasting
 15090 | Lair:3   | Found a staircase to the Shoals.
 15322 | Lair:3   | Found a staircase to the Snake Pit.
 15333 | Lair:3   | Reached skill level 17 in Earth Magic
 15871 | Lair:3   | Noticed Rupert
 15882 | Lair:3   | Killed Rupert
 16133 | Lair:3   | Killed Gastronok
 16383 | Lair:4   | Reached skill level 18 in Earth Magic
 16421 | Lair:4   | Noticed Josephine
 16432 | Lair:4   | Killed Josephine
 16882 | Lair:4   | Found a staircase to the Slime Pits.
 16883 | Lair:4   | Found a viscous altar of Jiyva.
 16978 | Lair:4   | Offered knowledge of Irradiate by Vehumet.
 17096 | Lair:4   | Learned a level 5 spell: Irradiate
 17150 | Lair:4   | Gained mutation: Your large and strong wings let you fly.
                  | [Gargoyle growth]
 17150 | Lair:4   | Reached XP level 14. HP: 82/82 MP: 25/28
 17259 | Lair:4   | Reached skill level 19 in Earth Magic
 17815 | Lair:5   | Entered Level 5 of the Lair of Beasts
 18122 | Lair:5   | Reached skill level 20 in Earth Magic
 18240 | Lair:5   | Found the +7 captain's cutlass {speed, disarm}
 18374 | Lair:5   | Identified the +0 chain mail of Supple Strength {rPois
                  | Int+3}
 18945 | Lair:5   | Reached skill level 15 in Conjurations
 19276 | Lair:5   | Offered knowledge of Bombard by Vehumet.
 19284 | Lair:5   | Learned a level 6 spell: Bombard
 20255 | D:12     | Reached XP level 15. HP: 88/88 MP: 20/29
 21098 | D:13     | Found a transporter.
 21099 | D:13     | Noticed Tanach's ghost (journeyman GrEE)
 21991 | D:13     | Found a gate to the Vaults.
 22494 | D:13     | Found a transporter.
 22652 | D:13     | Noticed Erolcha
 22654 | D:13     | Killed Erolcha
 22976 | D:14     | Found a gate leading to a gauntlet.
 22985 | Gauntlet | Entered a Gauntlet
 22985 | Gauntlet | Found a transporter.
 22985 | Gauntlet | Found a transporter.
 23001 | Gauntlet | Found a transporter.
 23004 | Gauntlet | Found a transporter.
 23012 | Gauntlet | Found a transporter.
 23016 | Gauntlet | Found a transporter.
 23024 | Gauntlet | Found a transporter.
 23043 | Gauntlet | Found a transporter.
 23060 | Gauntlet | Found a transporter.
 23064 | Gauntlet | Found a transporter.
 23072 | Gauntlet | Found a transporter.
 23076 | Gauntlet | Found a transporter.
 23123 | Gauntlet | Identified the ring of Hishrieqel {*Slow rC- Str+6 SInv
                  | Stlth+}
 23538 | Gauntlet | Identified the +0 ring mail of Lust {Will+ Str+2}
 23543 | Gauntlet | Identified the amulet of Ratisuok {Spirit rN+ Dex-3 SInv}
 23930 | D:14     | Reached XP level 16. HP: 96/96 MP: 30/30
 23988 | D:14     | Reached skill level 21 in Earth Magic
 24629 | D:14     | Offered knowledge of Conjure Ball Lightning by Vehumet.
 25487 | D:15     | Entered Level 15 of the Dungeon
 26133 | D:15     | Learned a level 9 spell: Shatter
 26157 | D:15     | Found an ornate altar of the Wu Jian Council.
 26187 | D:15     | Found a staircase to the Depths.
 27149 | D:7      | Killed Jeremiah
 27729 | Orc:2    | Found a staircase to the Elven Halls.
 27763 | Orc:2    | Found Lumuim's Antique Weapon Boutique.
 28155 | Orc:2    | Reached skill level 10 in Fighting
 28316 | Orc:2    | Found Netenas's Jewellery Shoppe.
 28317 | Orc:2    | Offered knowledge of Starburst by Vehumet.
 28318 | Orc:2    | Reached XP level 17. HP: 102/102 MP: 21/31
 29348 | Orc:2    | Reached skill level 22 in Earth Magic
 29728 | Orc:2    | Found Rahyxtuk's General Store.
 29763 | Orc:2    | Bought a potion of degeneration for 12 gold pieces
 30018 | Orc:2    | Found Taduxon's Antique Armour Emporium.
 30600 | Orc:1    | Offered knowledge of Plasma Beam by Vehumet.
 30670 | Orc:2    | Bought a potion of attraction for 36 gold pieces
 30670 | Orc:2    | Bought a potion of attraction for 36 gold pieces
 30685 | Orc:2    | Bought the amulet "Qouhih" {Regen+ RegenMP+ Str+2 Stlth+}
                  | for 704 gold pieces
 30864 | Snake:1  | Entered Level 1 of the Snake Pit
 31737 | Snake:1  | Found a shimmering altar of Xom.
 32059 | Snake:2  | Found an opulent altar of Gozag.
 32561 | Snake:2  | Reached skill level 23 in Earth Magic
 33447 | Snake:3  | Offered knowledge of Eringya's Noxious Bog by Vehumet.
 33606 | Snake:3  | Noticed Agnes
 33625 | Snake:3  | Killed Agnes
 33636 | Snake:3  | Reached ****** piety under Vehumet
 33790 | Snake:3  | Reached XP level 18. HP: 55/107 MP: 11/33
 34633 | Snake:4  | Entered Level 4 of the Snake Pit
 34841 | Snake:4  | Reached skill level 24 in Earth Magic
 34887 | Snake:4  | Noticed a quicksilver dragon
 34891 | Snake:4  | Killed a quicksilver dragon
 35059 | Snake:4  | Killed from afar by a salamander tyrant

Illustrated notes

Levels and vault maps discovered:
D:1:      minmay_arrival_arboretum_small, layout_loops_ring, minmay_cut_off
D:2:      layout_basic, basic_altar, uniq_robin
D:3:      layout_basic, serial_shops, nicolae_shop_overgrown_old_shop,
          nicolae_shop_just_a_little_nook, shop,
          nicolae_kite_square_tiling_tiny, nicolae_shop_vocational
D:4:      layout_basic, nicolae_vehumet_radiance, serial_shops, shop
D:5:      layout_gridville, minmay_temple_entry_arrows, uniq_blork_the_orc
D:6:      layout_basic, kiku_gazebo_pond_becter, hangedman_glass_teeth
D:7:      layout_basic, ashenzari_conservatory_becter,
          mainiacjoe_overflow_brackets, uniq_pikel, uniq_jeremiah,
          uniq_crazy_yiuf_cottage
D:8:      layout_basic, nicolae_dithmenos_through_a_glass_darkly,
          minmay_alternating_orb
D:9:      kennysheep_spiral_hall, layout_gridville
D:10:     layout_irregular_city, mainiacjoe_overflow_tiny_flanked,
          serial_bayou_pond_a
D:11:     layout_long_grid, hellmonk_lair_entry_icy, erik_orc_2
D:12:     layout_cross, nicolae_twisty_statue_hallways
D:13:     layout_cave_pods, hangedman_vaults_entry_quadrant_bands,
          gammafunk_ghost_mausoleum, minmay_orc_keep, uniq_erolcha
D:14:     layout_loops_ring, gauntlet_entry_generic, chequers_avenue
D:15:     hangedman_depths_entry_civil_slaughter, layout_rooms,
          nicolae_wu_jian_immortal_techniques
Lair:1:   layout_hall_layers, beast_lair_carwin_3, serial_bayou_shore_a,
          infiniplex_staircase_pool_2, uniq_joseph, uniq_erica
Lair:2:   layout_roguey, hibernation_bobbens, lemuel_fruit_tree
Lair:3:   layout_chaotic_city, mainiacjoe_shoals_entry_four_pools,
          minmay_snake_entry_six_corridors, uniq_rupert, uniq_gastronok,
          uniq_snorg
Lair:4:   layout_roguey, nicolae_slime_entry_field_trip,
          grunt_forest_large_clearings, uniq_josephine
Lair:5:   gammafunk_lair_ancient_temple, layout_regular_city, wad_woods_road_05
Snake:1:  layout_chambers, basic_altar
Snake:2:  layout_misc_corridors, basic_altar, serial_library_hellmonk_junction,
          grunt_ministairs_11
Snake:3:  layout_chambers, special_room, grunt_megastairs_3, uniq_agnes
Snake:4:  hellmonk_snake_rune_quicksilver_temple, layout_onion_interference,
          grunt_megastairs_1, serial_bayou_shore_b
Orc:1:    layout_diamond_mine
Orc:2:    grunt_orc_gardens, layout_caves, grunt_orc_garden, grunt_orc_garden,
          grunt_orc_garden, grunt_orc_garden

Skill      XL: |  1  2  3  4  5  6  7  8  9 10 11 12 13 14 15 16 17 18 |
---------------+-------------------------------------------------------+-----
Earth Magic    | 4 5 6 8 9 10 11 13 15 16 18 20 21 23 24 | 24.2
Fighting       | 2 3 4 5 6 7 9 10 | 10.0
Conjurations   | 3 8 10 12 15 16 17 18 | 18.6
Stealth        | 4 5 7 8 |  8.2
Spellcasting   | 3 5 9 10 11 12 | 12.4
Dodging        | |  1.5

Action                     |  1- 3 |  4- 6 |  7- 9 | 10-12 | 13-15 | 16-18 || total
---------------------------+-------+-------+-------+-------+-------+-------++-------
  Melee: Unarmed           |     4 |       |       |       |       |       ||     4
         Dagger            |     2 |       |       |       |       |       ||     2
         Short sword       |       |     8 |     9 |    21 |    76 |       ||   114
         Staff             |       |       |       |       |    10 |    43 ||    53
  Throw: Throwing net      |       |       |     1 |     3 |     1 |     1 ||     6
         Dart              |       |       |       |    13 |     7 |     5 ||    25
   Cast: Sandblast         |    48 |    94 |   122 |   303 |   383 |     9 ||   959
         Stone Arrow       |       |     1 |     5 |    98 |   114 |     1 ||   219
         Blink             |       |       |       |     1 |       |     4 ||     5
         Lee's Rapid Decon |       |       |       |       |     5 |    10 ||    15
         Bombard           |       |       |       |       |    77 |   270 ||   347
         Irradiate         |       |       |       |       |    29 |    20 ||    49
         Mephitic Cloud    |       |       |       |       |       |     2 ||     2
         Shatter           |       |       |       |       |       |    67 ||    67
  Evoke: Wand              |       |       |     2 |    10 |     4 |     2 ||    18
    Use: Scroll            |       |       |     6 |     7 |     3 |     3 ||    19
         Potion            |       |       |     1 |     1 |     1 |     3 ||     6
 Armour: Robe              |    22 |    24 |    68 |   202 |   415 |   213 ||   944
  Dodge: Dodged            |    25 |    31 |    51 |   168 |   255 |   109 ||   639

Table legend: (Time is in decaauts)
 A = Elapsed time spent in this place.
 B = Non-inter-level travel time spent in this place.
 C = Inter-level travel time spent in this place.
 D = Time resting spent in this place.
 E = Time spent auto-exploring this place.
 F = Levels seen in this place.
 G = Mean time per level.
                   A        B        C        D        E       F      G
               +--------+--------+--------+--------+--------+-----+--------+
         Total |  35652 |  33406 |   2246 |   1228 |  26406 |  27 | 1320.4 |
       Dungeon |  18762 |  17538 |   1224 |    778 |  14136 |  15 | 1250.8 |
          Lair |   8419 |   7691 |    728 |    160 |   5820 |   5 | 1683.8 |
     Snake Pit |   4201 |   4083 |    118 |    107 |   3327 |   4 | 1050.2 |
  Orcish Mines |   3537 |   3363 |    174 |    180 |   2650 |   2 | 1768.5 |
      Gauntlet |    732 |    732 |      0 |      2 |    473 |   1 |  732.0 |
               +--------+--------+--------+--------+--------+-----+--------+

Top non-repeatable levels by time:
    D:13: 2199 daAuts
   Orc:2: 2158 daAuts
  Lair:5: 1982 daAuts
 Snake:3: 1969 daAuts
    D:14: 1862 daAuts
  Lair:3: 1831 daAuts
    D:11: 1749 daAuts
  Lair:4: 1644 daAuts
  Lair:1: 1620 daAuts
   Orc:1: 1378 daAuts
  Lair:2: 1340 daAuts
    D:15: 1315 daAuts
 Snake:1: 1285 daAuts
     D:8: 1263 daAuts
    D:10: 1219 daAuts
